 Dungeon Crawl Stone Soup version 0.30-a0-782-ge64f9170bb (webtiles) character file.

Game seed: 13838447383368607444

7364 vineage the Fighter (level 11, -1/78 HPs)
             Began as a Gargoyle Fighter on Feb 23, 2023.
             Was a Believer of Okawaru.
             Slain by a freezing wraith (3 damage)
             ... led by a death knight
             ... on level 11 of the Dungeon.
             The game lasted 00:11:33 (10468 turns).

vineage the Fighter (Gargoyle Fighter)             Turns: 10468, Time: 00:11:34

Health: -1/78      AC: 29    Str: 23    XL:     11   Next: 14%
Magic:  12/12      EV:  3    Int:  5    God:    Okawaru [**....]
Gold:   653        SH: 14    Dex: 11    Spells: 10/10 levels left

rFire   . . .      SeeInvis .    n - +2 whip (drain)
rCold   . . .      Faith    .    g - +0 tower shield
rNeg    + . .      Spirit   .    v - +1 plate armour "Woush" {Rampage +Blink Will+ Int-3}
rPois   ∞          Reflect  .    t - +2 helmet
rElec   +          Harm     .    (no cloak)
rCorr   .          Rampage  +    j - +2 pair of gloves
Will    +....                    (no boots) Stlth
                                 q - amulet of the acrobat
HPRegen 0.33/turn                (no ring)
MPRegen 0.13/turn                (no ring)

@: flying
A: sickness immunity, AC +8, negative energy resistance 1, electricity
resistance, torment resistance 1, petrification resistance
a: Renounce Religion, Evoke Blink, Heroism


You were on level 11 of the Dungeon.
You worshipped Okawaru.
Okawaru was pleased with you.
You visited 2 branches of the dungeon, and saw 12 of its levels.

You collected 653 gold pieces.

Inventory:

Hand Weapons
 a - a +0 flail of freezing
 n - a +2 whip of draining (weapon)
Armour
 g - a +0 tower shield (worn)
 j - a +2 pair of gloves (worn)
 t - a +2 helmet (worn)
 v - the +1 plate armour "Woush" (worn) {Rampage +Blink Will+ Int-3}
   (You found it on level 8 of the Dungeon)

   Int:       It affects your intelligence (-3).
   +Blink:    It lets you blink.
   Rampage:   It bestows one free step when moving towards enemies.
   Will:      It increases your willpower.
Jewellery
 q - an amulet of the acrobat (around neck)
 x - a ring of resist corrosion
 y - a +6 ring of strength
Wands
 k - a wand of paralysis (18)
 l - a wand of quicksilver (4)
 r - a wand of flame (15)
 w - a wand of digging (2)
Scrolls
 b - a scroll of identify
 i - a scroll of enchant weapon
 u - a scroll of magic mapping
Potions
 c - 3 potions of heal wounds
 e - 2 potions of degeneration
 h - a potion of curing
 m - a potion of haste {unknown}
 o - a potion of flight
 p - 2 potions of resistance
 s - 2 potions of cancellation {unknown}


   Skills:
 + Level 13.6 Fighting
 + Level 6.8 Maces & Flails
 + Level 8.0 Armour
 + Level 7.9 Shields
 + Level 2.3 Invocations


You had 10 spell levels left.
You didn't know any spells.
Your spell library contained the following spells:

 Spells                   Type           Power      Damage    Failure   Level
 Sting                    Tmut/Pois      0%         1d3       100%        1
 Poisonous Vapours        Pois/Air       0%         N/A       100%        2
 Gell's Gravitas          Tloc           0%         N/A       100%        3
 Hailstorm                Conj/Ice       0%         3d3       100%        3
 Mephitic Cloud           Conj/Pois/Air  0%         N/A       100%        3
 Teleport Other           Tloc           0%         N/A       100%        3
 Ice Form                 Ice/Tmut       0%         N/A       100%        4
 Olgreb's Toxic Radiance  Pois           0%         N/A       100%        4
 Passage of Golubria      Tloc           0%         N/A       100%        4
 Blade Hands              Tmut           0%         N/A       100%        5
 Irradiate                Conj/Tmut      0%         3d11      100%        5
 Silence                  Hex/Air        0%         N/A       100%        5
 Yara's Violent Unravell  Hex/Tmut       0%         3d3       100%        5
 Dispersal                Tloc           0%         N/A       100%        6
 Dragon Form              Tmut           0%         N/A       100%        7
 Lehudib's Crystal Spear  Conj/Erth      0%         10d2      100%        8
 Cigotuvi's Dreadful Rot  Necr/Pois/Air  Unusable   N/A       N/A         2
 Tukima's Dance           Hex            Unusable   N/A       N/A         3
 Simulacrum               Ice/Necr       Unusable   N/A       N/A         6

Dungeon Overview and Level Annotations

Branches:
Dungeon (11/15)            Temple (1/1) D:6            Lair (0/5) D:10
    Orc (0/2) D:9

Altars:
Ashenzari
Cheibriados
Dithmenos
Elyvilon
Fedhas
Gozag
Hepliaklqana
Kikubaaqudgha
Makhleb
Nemelex Xobeh
Okawaru
Qazlal
Ru
Sif Muna
Trog
Uskayaw
Vehumet
Wu Jian
Xom
Yredelemnul
Zin
The Shining One

Shops:
D:6 (


Innate Abilities, Weirdness & Mutations

You are immune to sickness and miasma.
Your stone body is resilient. (AC +8)
You are immune to poison.
You resist negative energy. (rN+)
You are resistant to electric shocks. (rElec)
You are resistant to unholy torment.
You are immune to petrification.


Message History

You block the death knight's attack.
The freezing wraith attacks as you move away!
The freezing wraith hits you but does no damage.
You block the freezing wraith's attack.
The death knight offers itself to Yredelemnul, and fills with unholy energy.
The freezing wraith hits you but does no damage.
The freezing wraith closely misses you.
There is a stone staircase leading down here.
You can't go up here!
You block the freezing wraith's attack. The freezing wraith hits you.
You fly downwards.
There is a stone staircase leading up here.
You hit the freezing wraith but do no damage.
The freezing wraith is moderately damaged.
You block the freezing wraith's attack. x2
You hit the freezing wraith but do no damage.
The freezing wraith is lightly damaged.
You block the freezing wraith's attack.
The freezing wraith hits you but does no damage.
You completely miss the freezing wraith.
The freezing wraith is lightly damaged.
You block the freezing wraith's attack.
The freezing wraith hits you but does no damage.
You whack the freezing wraith!
The freezing wraith is moderately damaged.
You block the freezing wraith's attack. x2
The freezing wraith hits you but does no damage.
The freezing wraith barely misses you.
You hit the freezing wraith.
The freezing wraith is heavily damaged.
You block the freezing wraith's attack. The freezing wraith hits you!
* * * LOW HITPOINT WARNING * * *
You hit the freezing wraith.
The freezing wraith is heavily damaged.
The freezing wraith hits you.
* * * LOW HITPOINT WARNING * * *
The freezing wraith freezes you!!
* * * LOW HITPOINT WARNING * * *
The freezing wraith hits you.
You die...

## #####
#.≈##≈≈≈#
#.≈≈≈≈≈≈≈
........#
........#
......W@#
........#
#########


You could see a freezing wraith.

Vanquished Creatures
  A cyclops (D:9)
  A gargoyle (D:10)
  2 kobold demonologists (D:9)
  The ghost of clease the Firebug, an amateur DgFE (D:4)
  The ghost of Stil the Insei, an amateur DsTm (D:4)
  The ghost of Leeroy the Changer, an amateur OpTm (D:4)
  7 yaks
  A wraith (D:9)
  A wyvern (D:9)
  4 steam dragons
  Menkaure (D:6)
  A warg (D:9)
  Duvessa (D:6)
  4 orc warriors
  A sky beast (D:8)
  2 ice beasts (D:10)
  3 black bears
  An ogre (D:6)
  2 phantoms
  4 centaurs
  A kobold brigand (D:7)
  2 necrophages (D:6)
  3 bullfrogs
  A water moccasin zombie (D:4)
  4 scorpions
  4 wights
  Dowan (D:6)
  5 killer bees
  A vampire bat (D:4)
  4 orc priests
  4 hounds
  2 jellies
  2 iguanas
  3 orc wizards
  A scorpion zombie (D:4)
  2 hound zombies (D:4)
  7 adders
  2 gnolls (D:5)
  A shadow imp (D:5)
  2 white imps
  An adder zombie (D:4)
  A worm (D:4)
  3 fire bats (D:4)
  26 orcs
  2 spectral bats (D:4)
  3 bat skeletons (D:4)
  A bat zombie (D:4)
  3 endoplasms (D:4)
  2 giant cockroaches
  6 hobgoblins
  3 jackals (D:4)
  14 kobolds
  3 quokkas
  3 ball pythons
  17 bats
  A bat simulacrum (D:4)
  3 frilled lizards
  7 goblins
  5 rats
196 creatures vanquished.

Vanquished Creatures (collateral kills)
  A gnoll bouda (D:5)
  5 gnolls (D:5)
6 creatures vanquished.

Vanquished Creatures (others)
  An iguana (D:7)
  2 plants (D:5)
3 creatures vanquished.

Grand Total: 205 creatures vanquished

Notes
Turn   | Place    | Note
-------+----------+-------------------------------------------
     0 | D:1      | vineage the Gargoyle Fighter began the quest for the Orb.
     0 | D:1      | Reached XP level 1. HP: 14/14 MP: 1/1
   167 | D:1      | Reached XP level 2. HP: 20/20 MP: 2/2
   257 | D:1      | Reached skill level 4 in Fighting
   652 | D:2      | Reached XP level 3. HP: 23/24 MP: 3/3
   811 | D:2      | Found a faded altar of an unknown god.
   900 | D:2      | Found an ancient bone altar of Kikubaaqudgha.
   949 | D:2      | Reached skill level 5 in Fighting
  1290 | D:3      | Reached XP level 4. HP: 24/32 MP: 4/4
  2373 | D:4      | Reached skill level 6 in Fighting
  2399 | D:4      | Reached XP level 5. HP: 36/36 MP: 5/5
  2419 | D:4      | Found a basalt altar of Yredelemnul.
  2493 | D:4      | Reached skill level 7 in Fighting
  2538 | D:4      | Reached XP level 6. HP: 44/44 MP: 6/6
  2636 | D:4      | Reached skill level 8 in Fighting
  2791 | D:4      | Noticed a black bear
  2809 | D:4      | Killed a black bear
  2810 | D:4      | Reached XP level 7. HP: 47/50 MP: 7/7
  2849 | D:4      | Found a runed translucent gate.
  2863 | D:4      | Found a runed translucent gate.
  2865 | D:4      | Found a runed translucent gate.
  2991 | D:4      | Noticed Stil's ghost (amateur DsTm)
  2991 | D:4      | Noticed Leeroy's ghost (amateur OpTm)
  3398 | D:4      | Noticed clease's ghost (amateur DgFE)
  3424 | D:4      | Killed Leeroy's ghost
  3425 | D:4      | Reached skill level 9 in Fighting
  3450 | D:4      | Killed Stil's ghost
  3451 | D:4      | Reached skill level 10 in Fighting
  3451 | D:4      | Reached XP level 8. HP: 28/57 MP: 8/8
  3473 | D:4      | Killed clease's ghost
  3612 | D:5      | Entered Level 5 of the Dungeon
  3681 | D:5      | Reached skill level 11 in Fighting
  3742 | D:5      | Identified the amulet "Raroppe" {rC+ Regen+ Str-5 Stlth+}
  4155 | D:5      | Reached XP level 9. HP: 21/65 MP: 9/9
  4645 | D:6      | Reached skill level 12 in Fighting
  4698 | D:6      | Found Etseo's Weapon Shop.
  4844 | D:6      | Found a glowing silver altar of Zin.
  5056 | D:6      | Noticed Dowan
  5057 | D:6      | Noticed Duvessa
  5074 | D:6      | Killed Duvessa
  5094 | D:6      | Killed Dowan
  5095 | D:6      | Reached skill level 5 in Armour
  5181 | D:6      | Noticed Menkaure
  5208 | D:6      | Killed Menkaure
  5209 | D:6      | Reached skill level 5 in Shields
  5440 | D:6      | Found a staircase to the Ecumenical Temple.
  5587 | Temple   | Entered the Ecumenical Temple
  6408 | D:7      | Found a snail-covered altar of Cheibriados.
  6411 | D:7      | Found an iron altar of Okawaru.
  6417 | D:7      | Found a radiant altar of Vehumet.
  6417 | D:7      | Found a hazy altar of Hepliaklqana.
  6431 | D:7      | Found a stormy altar of Qazlal.
  6461 | D:7      | Found a bloodstained altar of Trog.
  6592 | D:7      | Reached XP level 10. HP: 45/72 MP: 10/10
  6987 | D:8      | Reached skill level 5 in Maces & Flails
  7133 | D:8      | Found a sparkling altar of Nemelex Xobeh.
  7141 | D:8      | Found a shimmering altar of Xom.
  7142 | D:8      | Found a shimmering altar of Xom.
  7149 | D:8      | Found a shimmering altar of Xom.
  7150 | D:8      | Found a shimmering altar of Xom.
  7151 | D:8      | Found a shimmering altar of Xom.
  7384 | D:8      | Found a shimmering altar of Xom.
  7384 | D:8      | Found a shimmering altar of Xom.
  7384 | D:8      | Noticed a deep troll
  7408 | D:8      | Found a blossoming altar of Fedhas.
  7418 | D:8      | Identified the +1 plate armour "Woush" {Rampage +Blink
                  | Will+ Int-3}
  7554 | D:8      | Noticed a steelbarb worm
  7559 | D:8      | Noticed an elephant
  7642 | D:8      | Noticed a black mamba
  7707 | D:8      | Noticed a skyshark
  7737 | D:7      | Found a shadowy altar of Dithmenos.
  7745 | D:7      | Became a worshipper of Warmaster Okawaru
  7829 | D:8      | Noticed a swamp dragon
  7880 | D:9      | Found an opulent altar of Gozag.
  7979 | D:9      | Found a staircase to the Orcish Mines.
  8034 | D:9      | Noticed a kobold demonologist
  8039 | D:9      | Noticed a kobold demonologist
  8059 | D:9      | HP: 1/72 [warg (12)]
  8078 | D:8      | Noticed a deep troll
  8258 | D:8      | Noticed an elephant
  8280 | D:8      | Noticed a shock serpent
  8332 | D:8      | Noticed a guardian serpent
  8470 | D:9      | Noticed a cyclops
  8486 | D:9      | Killed a cyclops
  8487 | D:9      | Reached skill level 13 in Fighting
  8614 | D:9      | Reached * piety under Okawaru
  8616 | D:9      | Noticed a soul eater
  8618 | D:9      | Noticed an orange demon
  8623 | D:9      | Killed a kobold demonologist
  8651 | D:9      | Killed a kobold demonologist
  8852 | D:9      | Reached ** piety under Okawaru
  9428 | D:9      | Found an ornate altar of the Wu Jian Council.
  9601 | D:10     | Entered Level 10 of the Dungeon
  9638 | D:10     | Noticed a gargoyle
  9669 | D:10     | Killed a gargoyle
  9670 | D:10     | Reached skill level 1 in Invocations
  9825 | D:10     | Reached XP level 11. HP: 63/78 MP: 11/11
 10191 | D:10     | Noticed a death knight
 10202 | D:10     | Found a staircase to the Lair.
 10468 | D:11     | HP: 2/78 [freezing wraith[a death knight] (19)]
 10468 | D:11     | Slain by a freezing wraith

Illustrated notes

Levels and vault maps discovered:
D:1:      dreamdust_arrival_beginning_and_end, layout_basic
D:2:      layout_basic, basic_altar, basic_ecumenical_altar
D:3:      layout_basic
D:4:      layout_basic, nicolae_yredelemnul_corpse_copse,
          gammafunk_ghost_cemetery, goddamned_bats
D:5:      layout_cave_pods, columned_hall_lemuel, serial_bayou_pond_b
D:6:      layout_gridville, zin_treasury, minmay_temple_entry_overgrown,
          serial_shops, shop, nicolae_figureground_sparkle, uniq_menkaure,
          uniq_duvessa
D:7:      layout_cave_pools, nicolae_overflow_hidden_temple,
          chequers_temple_overflow_statue_of_worship
D:8:      layout_cave_pools, mainiacjoe_overflow_tiny_flanked,
          amcnicky_altar_gilded, xom_shifter_show
D:9:      layout_basic, kennysheep_little_box, nicolae_gozag_seed_capital,
          erik_orc_4, minmay_quadrilaterals
D:10:     nicolae_whirlpool, layout_basic, hellmonk_lair_entry_icy,
          nicolae_hexahallways
D:11:     layout_grid_maze, lightli_minifort
Temple:   nicolae_temple_superstar

Skill      XL: |  1  2  3  4  5  6  7  8  9 10 11 |
---------------+----------------------------------+-----
Fighting       | 4 5 6 7 8 10 11 12 13 | 13.6
Armour         | 6 7 8 |  8.0
Shields        | 6 7 |  7.9
Maces & Flails | 4 6 |  6.8
Invocations    | 1 2 |  2.3

Action                     |  1- 3 |  4- 6 |  7- 9 | 10-12 || total
---------------------------+-------+-------+-------+-------++-------
  Melee: Flail             |    78 |       |       |       ||    78
         Whip              |    46 |   187 |   460 |   497 ||  1190
 Invoke: Heroism           |       |       |       |     2 ||     2
    Use: Scroll            |     7 |     4 |     8 |     5 ||    24
         Potion            |       |       |     4 |     6 ||    10
   Stab: Invisible         |       |       |     2 |       ||     2
         Distracted        |       |       |     1 |       ||     1
 Armour: Scale mail        |    84 |   146 |   242 |       ||   472
         Plate armour      |       |       |   199 |   469 ||   668
  Dodge: Dodged            |    71 |   121 |   165 |    73 ||   430
  Block: Buckler           |    26 |    66 |    23 |       ||   115
         Tower shield      |       |       |   381 |   470 ||   851

Table legend: (Time is in decaauts)
 A = Elapsed time spent in this place.
 B = Non-inter-level travel time spent in this place.
 C = Inter-level travel time spent in this place.
 D = Time resting spent in this place.
 E = Time spent auto-exploring this place.
 F = Levels seen in this place.
 G = Mean time per level.
                   A        B        C        D        E       F      G
               +--------+--------+--------+--------+--------+-----+--------+
         Total |  10682 |  10068 |    614 |   1307 |   6419 |  12 |  890.2 |
       Dungeon |  10576 |   9980 |    596 |   1307 |   6339 |  11 |  961.5 |
        Temple |    105 |     88 |     17 |      0 |     80 |   1 |  105.0 |
               +--------+--------+--------+--------+--------+-----+--------+

Top non-repeatable levels by time:
     D:9: 1517 daAuts
     D:6: 1469 daAuts
     D:4: 1346 daAuts
     D:3: 1115 daAuts
     D:8: 1090 daAuts
     D:5: 1024 daAuts
     D:7: 944 daAuts
    D:10: 867 daAuts
     D:1: 636 daAuts
     D:2: 557 daAuts
  Temple: 105 daAuts
    D:11: 6 daAuts
